 Dungeon Crawl Stone Soup version 0.16.0-17-g811c1d7 (webtiles) character file.

160 ajon the Chiller (level 5, -8/35 HPs)
             Began as a Merfolk Ice Elementalist on Mar 20, 2015.
             Was an Initiate of Okawaru.
             Mangled by a gnoll
             ... wielding a +0 halberd
              (16 damage)
             ... on level 3 of the Dungeon.
             The game lasted 00:08:04 (2586 turns).

ajon the Chiller (Merfolk Ice Elementalist)         Turns: 2586, Time: 00:08:04

Health: -8/35      AC:  4    Str:  8    XL:     5   Next: 41%
Magic:  10/13      EV: 19    Int: 15    God:    Okawaru [......]
Gold:   150        SH:  0    Dex: 15    Spells: 3 memorised, 6 levels left

rFire  . . .     SeeInvis .     C - +0 spear
rCold  . . .     Clarity  .     a - +0 robe
rNeg   . . .     SustAb   .     (no shield)
rPois  +         Gourm    .     (no helmet)
rElec  .         Spirit   .     p - +0 cloak
rCorr  .         Warding  .     (no gloves)
rMut   .         Stasis   .     e - +0 pair of boots
MR     .....                    (no amulet)
Stlth  ++........               u - +6 ring of evasion
                                g - ring of poison resistance

@: not resistant to hostile enchantments, unstealthy
A: change form in water, swift swim
a: Renounce Religion


You were on level 3 of the Dungeon.
You worshipped Okawaru.
Okawaru was noncommittal.
You were not hungry.

You visited 1 branch of the dungeon, and saw 3 of its levels.

You collected 150 gold pieces.

Inventory:

Hand weapons
 C - a +0 spear (weapon)
Armour
 a - a +0 robe (worn)
 e - a +0 pair of boots (worn)
 p - a +0 cloak (worn)
Jewellery
 g - a ring of poison resistance (left hand)
 n - an uncursed ring of sustain abilities
 u - a +6 ring of evasion (right hand)
 w - an uncursed ring of protection from magic {unknown}
Scrolls
 l - a scroll of remove curse {unknown}
 m - 2 scrolls of magic mapping {unknown}
 o - a scroll of random uselessness {unknown}
 q - a scroll of identify {unknown}
 t - a scroll of fear {unknown}
 x - a scroll of immolation {unknown}
 y - a scroll of fog {unknown}
Potions
 h - a potion of flight {unknown}
 i - a potion of cancellation {unknown}
 j - a potion of brilliance {unknown}
 k - 2 potions of curing {unknown}
 r - 2 potions of restore abilities {unknown}
 z - 2 potions of magic {unknown}
 A - a potion of agility {unknown}
 B - a potion of poison {unknown}
Books
 b - a book of Frost

   Spells                             Type                      Level
   a - Freeze                         Ice                          1
   b - Throw Frost                    Conjuration/Ice              2
   c - Ozocubu's Armour               Charms/Ice                   3
   d - Throw Icicle                   Conjuration/Ice              4
   e - Summon Ice Beast               Ice/Summoning                4
   f - Condensation Shield            Ice                          4
Comestibles
 c - a bread ration
 f - a beef jerky
 v - a meat ration


   Skills:
 - Level 2.6 Dodging
 - Level 2.1 Stealth
 * Level 4.2 Spellcasting
 - Level 0.7 Conjurations
 + Level 4.5 Ice Magic


You had 6 spell levels left.
You knew the following spells:

 Your Spells              Type           Power        Failure   Level  Hunger
a - Freeze                Ice            ###.         2%          1    None
b - Ozocubu's Armour      Chrm/Ice       ##......     24%         3    ###....
c - Throw Frost           Conj/Ice       ##....       12%         2    ##.....


Dungeon Overview and Level Annotations

Branches:
Dungeon (3/15)

Altars:
Elyvilon
Kikubaaqudgha
Nemelex Xobeh
Okawaru
Sif Muna
Zin


Message History

Casting: Freeze
Confirm with . or Enter, or press ? or * to list all spells.
Aiming: Freeze
Press: ? - help, Shift-Dir - straight line, f/p - gnoll
Aim: a gnoll, wielding a spear (almost dead)
You freeze the gnoll.
You kill the gnoll!
Okawaru accepts your kill.
Things that are here:
a spear; a gnoll corpse
C - a spear A gnoll comes into view. It is wielding a halberd.
Wield which item (- for none, * to show all)? (? for menu, Esc to quit)
C - a +0 spear (weapon)
The gnoll shouts!
Drop what? 29/52 slots (_ for help) (? for menu, Esc to quit)
You drop a +0 dagger.
You drop a +0 rapier.
The gnoll hits you from afar with a halberd!
You die...

#.##.####.....#
#....)..#.....#
#.......##.#.....#
####..####.#.....#
#.... #.#######
##.#. #.# #.#.##.#
##......###
#......##@#
#.##.#)#.#........
#.#.g###.#####
#.....# .#
###.##.. # ).# ###
####


You could see a gnoll.

Vanquished Creatures
  2 orc wizards (D:3)
  2 gnolls (D:3)
  3 adders
  2 worms
  3 giant geckos
  4 orcs (D:3)
  A ball python (D:2)
  4 bats
  2 giant cockroaches
  8 goblins
  4 hobgoblins
  2 jackals
  7 kobolds
  A quokka (D:3)
  2 giant newts
  5 rats
52 creatures vanquished.

Notes
Turn   | Place    | Note
--------------------------------------------------------------
     0 | D:1      | ajon, the Merfolk Ice Elementalist, began the quest for the Orb.
     0 | D:1      | Reached XP level 1. HP: 13/13 MP: 3/3
   299 | D:1      | Reached XP level 2. HP: 17/19 MP: 5/5
  1232 | D:2      | Reached XP level 3. HP: 24/24 MP: 2/7
  1237 | D:2      | Learned a level 3 spell: Ozocubu's Armour
  1240 | D:2      | Learned a level 2 spell: Throw Frost
  1472 | D:2      | Found a glowing silver altar of Zin.
  1800 | D:2      | Found a sparkling altar of Nemelex Xobeh.
  1895 | D:3      | Reached skill level 4 in Ice Magic
  1895 | D:3      | Reached XP level 4. HP: 20/30 MP: 10/10
  2093 | D:3      | Found an ancient bone altar of Kikubaaqudgha.
  2094 | D:3      | Found an iron altar of Okawaru.
  2096 | D:3      | Found a white marble altar of Elyvilon.
  2265 | D:3      | Became a worshipper of Warmaster Okawaru
  2338 | D:3      | Found a deep blue altar of Sif Muna.
  2345 | D:3      | Reached XP level 5. HP: 23/35 MP: 5/13
  2586 | D:3      | Mangled by a gnoll

Action                   |  1- 3 |  4- 6 || total
-------------------------+-------+-------++-------
Melee: Dagger            |    42 |       ||    42
       Unarmed           |    10 |       ||    10
       Rapier            |    41 |    56 ||    97
 Cast: Freeze            |     8 |    10 ||    18
       Throw Frost       |     4 |     5 ||     9
       Ozocubu's Armour  |       |     2 ||     2
 Stab: Sleeping          |     2 |     1 ||     3
  Eat: Chunk             |     2 |     4 ||     6
